 Dungeon Crawl Stone Soup version 0.20.1-1-g8b1a95d (webtiles) character file.

2123 tmwrnj the Cleaver (level 9, -16/78 HPs)
             Began as a Hill Orc Fighter on Nov 1, 2017.
             Was a Believer of Beogh.
             Demolished by a two-headed ogre
             ... wielding a +0 giant spiked club
              (22 damage)
             ... on level 7 of the Dungeon.
             The game lasted 00:13:45 (6503 turns).

tmwrnj the Cleaver (Hill Orc Fighter)               Turns: 6503, Time: 00:13:45

Health: -16/78     AC: 12    Str: 19    XL:     9   Next: 29%
Magic:  9/9        EV:  6    Int:  8    God:    Beogh [**....]
Gold:   306        SH: 10    Dex: 13    Spells: 8/8 levels left

rFire    . . .     SeeInvis .   a - +0 war axe
rCold    . . .     Gourm    .   c - +0 shield
rNeg     . . .     Faith    .   D - +0 chain mail
rPois    .         Spirit   .   E - +0 helmet
rElec    .         Reflect  .   (no cloak)
rCorr    .         Harm     .   q - +0 pair of gloves
MR       .....                  (no boots)
Stlth    ..........             (no amulet)
Regen    0.3/turn               (no ring)
MPRegen  0.2/turn               (no ring)

@: no status effects
A: no striking features
a: Smiting, Renounce Religion


You were on level 7 of the Dungeon.
You worshipped Beogh.
Beogh was pleased with you.
You were not hungry.

You visited 1 branch of the dungeon, and saw 7 of its levels.

You collected 306 gold pieces.

Inventory:

Hand Weapons
 a - a +0 war axe (weapon)
Armour
 c - a +0 shield (worn)
 q - a +0 pair of gloves (worn)
 D - a +0 chain mail (worn)
 E - a +0 helmet (worn)
Jewellery
 g - a +4 ring of dexterity {unknown}
 y - a cursed ring of loudness {unknown}
 I - a cursed ring of loudness {unknown}
 L - an uncursed ring of fire {unknown}
Wands
 A - a wand of confusion (17/48)
Scrolls
 e - 2 scrolls of immolation {unknown}
 i - 6 scrolls of teleportation {unknown}
 k - 4 scrolls of enchant armour {unknown}
 l - 2 scrolls of amnesia {unknown}
 o - 4 scrolls of identify {unknown}
 w - 3 scrolls of blinking {unknown}
 B - 3 scrolls of remove curse {unknown}
 F - a scroll of fear {unknown}
 G - a scroll of fog {unknown}
 J - a scroll of magic mapping {unknown}
 K - a scroll of enchant weapon {unknown}
Potions
 b - 2 potions of mutation {unknown}
 d - a potion of might
 h - 2 potions of haste {unknown}
 j - 2 potions of lignification {unknown}
 m - 5 potions of curing
 n - a potion of ambrosia {unknown}
 p - 2 potions of resistance {unknown}
 r - a potion of flight {unknown}
 s - 4 potions of brilliance {unknown}
 x - 2 potions of degeneration {unknown}
 z - 4 potions of agility {unknown}
 C - a potion of magic {unknown}
 H - 2 potions of heal wounds {unknown}
Comestibles
 f - 2 bread rations
 t - 7 fruits
 u - 3 meat rations
 v - a chunk of flesh


   Skills:
 + Level 6.8 Fighting
 + Level 10.7 Axes
 + Level 6.0 Armour
 + Level 1.2 Dodging
 + Level 0.5 Stealth
 + Level 6.7 Shields


You had 8 spell levels left.
You didn't know any spells.

Dungeon Overview and Level Annotations

Branches:
Dungeon (7/15)             Temple (0/1) D:5

Altars:
Ashenzari
Dithmenos
Fedhas
Gozag
Sif Muna
Trog


Message History

A two-headed ogre comes into view. It is wielding two giant spiked clubs.
The two-headed ogre shouts in stereo!
Found a sedimented puce potion.
The two-headed ogre hits you with a giant spiked club!
The two-headed ogre hits you with a giant spiked club!!
You barely miss the two-headed ogre. The two-headed ogre barely misses you.
The two-headed ogre hits you with a giant spiked club!
You barely miss the two-headed ogre.
Your chain mail prevents you from hitting the two-headed ogre.
The two-headed ogre hits you with a giant spiked club!
* * * LOW HITPOINT WARNING * * *
You block the two-headed ogre's attack.
The orc priest invokes the aid of Beogh against you.
Beogh smites you!
* * * LOW HITPOINT WARNING * * *
The orc priest hits you but does no damage.
Your shield and chain mail prevent you from hitting the two-headed ogre.
You closely miss the orc priest. You block the orc priest's attack.
The two-headed ogre hits you with a giant spiked club!!
You die...

.....................
.......(................
......(<(................
.....#.(.(................
....#(....(................
...#....(..................
#...(((..))..............
...........................
................@O.).......
................o........!.
...........................
#..........................
#..........................
##.........................
...................#.
.................##
.######.....##.##


You could see a two-headed ogre and an orc priest.

Vanquished Creatures
  Sigmund (D:4)
  Edmund (D:4)
  An orc warrior (D:6)
  2 ice beasts
  4 centaurs
  Blork the orc (D:5)
  A big kobold (D:6)
  A bullfrog (D:6)
  A scorpion (D:4)
  5 wights (D:6)
  4 crimson imps
  3 orc priests
  2 iguanas (D:6)
  4 orc wizards
  5 worker ants
  A hound skeleton (D:5)
  A worker ant zombie (D:5)
  4 gnolls (D:2)
  A howler monkey zombie (D:5)
  8 adders
  A shadow imp (D:6)
  3 worms
  4 leopard geckos
  23 orcs
  5 ball pythons
  9 giant cockroaches
  8 goblins
  11 hobgoblins
  5 jackals
  4 quokkas
  5 bats
  3 frilled lizards
  9 kobolds
  A quokka skeleton (D:4)
  A rat (D:1)
143 creatures vanquished.

Vanquished Creatures (others)
  A crimson imp (D:3)
  An adder (D:3)
  An orc (D:3)
3 creatures vanquished.

Grand Total: 146 creatures vanquished

Notes
Turn   | Place    | Note
-------+----------+-------------------------------------------
     0 | D:1      | tmwrnj the Hill Orc Fighter began the quest for the Orb.
     0 | D:1      | Reached XP level 1. HP: 19/19 MP: 1/1
   172 | D:1      | Reached XP level 2. HP: 23/27 MP: 2/2
   489 | D:2      | Reached XP level 3. HP: 24/33 MP: 3/3
   642 | D:2      | Reached skill level 3 in Axes
   792 | D:2      | Reached XP level 4. HP: 22/40 MP: 4/4
   794 | D:2      | Reached skill level 4 in Axes
  1292 | D:2      | You fall through a shaft!
  1365 | D:3      | Reached XP level 5. HP: 39/46 MP: 5/5
  1471 | D:3      | Became a worshipper of Beogh the Brigand
  1868 | D:3      | Found a shadowy altar of Dithmenos.
  1922 | D:3      | Found a bloodstained altar of Trog.
  2638 | D:4      | Noticed Sigmund
  2672 | D:4      | Noticed an ice beast
  2685 | D:4      | Reached skill level 5 in Axes
  2714 | D:4      | Noticed Edmund
  2737 | D:5      | Entered Level 5 of the Dungeon
  2755 | D:5      | Noticed Blork the orc
  2792 | D:3      | Killed an ice beast
  2792 | D:3      | Reached XP level 6. HP: 41/53 MP: 6/6
  3010 | D:4      | Killed Edmund
  3010 | D:4      | Reached skill level 6 in Axes
  3053 | D:4      | Reached skill level 5 in Fighting
  3053 | D:4      | Reached XP level 7. HP: 56/61 MP: 7/7
  3280 | D:4      | Found a blossoming altar of Fedhas.
  3334 | D:4      | Reached skill level 7 in Axes
  3373 | D:4      | Killed Sigmund
  3373 | D:4      | Reached skill level 5 in Shields
  3613 | D:5      | Reached * piety under Beogh
  3687 | D:5      | Killed Blork the orc
  3687 | D:5      | Reached skill level 1 in Dodging
  3943 | D:5      | Reached skill level 8 in Axes
  3984 | D:5      | Reached XP level 8. HP: 57/69 MP: 8/8
  4182 | D:5      | Reached skill level 5 in Armour
  4223 | D:5      | Found a shattered altar of Ashenzari.
  4456 | D:5      | Found a staircase to the Ecumenical Temple.
  4509 | D:6      | Reached skill level 9 in Axes
  5152 | D:5      | Reached ** piety under Beogh
  5616 | D:6      | Found an opulent altar of Gozag.
  5616 | D:6      | Found a deep blue altar of Sif Muna.
  5738 | D:6      | Reached skill level 10 in Axes
  5738 | D:6      | Reached XP level 9. HP: 62/78 MP: 9/9
  5858 | D:6      | HP: 3/78 [ice beast (12)]
  6493 | D:7      | Noticed a two-headed ogre
  6503 | D:7      | Demolished by a two-headed ogre

Skill      XL: |  1  2  3  4  5  6  7  8  9 |
---------------+----------------------------+-----
Fighting       | 4 5 6 |  6.8
Axes           | 3 4 5 6 8 10 | 10.7
Shields        | 4 5 6 |  6.7
Armour         | 4 5 6 |  6.0
Dodging        | 1 |  1.2
Stealth        | |  0.5

Action                   |  1- 3 |  4- 6 |  7- 9 || total
-------------------------+-------+-------+-------++-------
Melee: War axe           |    61 |   166 |   307 ||   534
Invok: Convert to Beogh  |       |     1 |       ||     1
  Eat: Chunk             |       |     5 |    10 ||    15
       Royal jelly       |       |     1 |     1 ||     2
Armor: Scale mail        |    24 |    55 |       ||    79
       Chain mail        |       |    40 |   137 ||   177
Dodge: Dodged            |    19 |    41 |    69 ||   129
Block: Shield            |    30 |    85 |   154 ||   269
